 Dungeon Crawl Stone Soup version 0.24.0-123-gd5b16e6ec5 (webtiles) character file.

Game seed: 831324424109832264, levelgen mode: deterministic

660 Peloso the Slasher (level 7, -14/61 HPs)
             Began as a Minotaur Fighter on Feb 11, 2020.
             Was a Follower of Okawaru.
             Demolished by an ogre
             ... wielding a +0 giant club
              (19 damage)
             ... on level 4 of the Dungeon.
             The game lasted 00:06:32 (2734 turns).

Peloso the Slasher (Minotaur Fighter)               Turns: 2734, Time: 00:06:32

Health: -14/61     AC:  8    Str: 21    XL:     7   Next: 30%
Magic:  5/6        EV:  9    Int:  5    God:    Okawaru [*.....]
Gold:   191        SH: 11    Dex: 11    Spells: 6/6 levels left

rFire    . . .     SeeInvis .   a - +0 long sword
rCold    . . .     Gourm    .   c - +1 shield
rNeg     . . .     Faith    .   o - +0 scale mail
rPois    .         Spirit   .   (helmet restricted)
rElec    .         Reflect  .   g - +0 cloak
rCorr    .         Harm     .   (no gloves)
MR       +....                  (no boots)
Stlth    +.........             (no amulet)
HPRegen  0.20/turn              s - ring of protection from magic
MPRegen  0.10/turn              i - ring of stealth

@: no status effects
A: retaliatory headbutt, horns 2
a: Heroism, Renounce Religion


You were on level 4 of the Dungeon.
You worshipped Okawaru.
Okawaru was aware of your devotion.
You were not hungry.

You visited 2 branches of the dungeon, and saw 5 of its levels.

You collected 191 gold pieces.

Inventory:

Hand Weapons
 a - a +0 long sword (weapon)
 b - a +0 dagger of flaming
Armour
 c - a +1 shield (worn)
 g - a +0 cloak (worn)
 o - a +0 scale mail (worn)
Jewellery
 i - a ring of stealth (right hand)
 s - a ring of protection from magic (left hand)
Wands
 r - a wand of acid (5)
Scrolls
 e - 3 scrolls of teleportation {unknown}
 h - 2 scrolls of amnesia {unknown}
 j - 6 scrolls of remove curse
 k - a scroll of random uselessness {unknown}
 l - 4 scrolls of identify {unknown}
 m - 4 scrolls of enchant weapon {unknown}
 n - a scroll of fog {unknown}
 p - a scroll of noise {unknown}
 t - a scroll of fear {unknown}
Potions
 d - 3 potions of might
 q - a potion of curing
Comestibles
 f - 4 rations


   Skills:
 + Level 5.2 Fighting
 + Level 6.1 Long Blades
 + Level 5.0 Armour
 + Level 2.3 Dodging
 + Level 1.0 Stealth
 + Level 5.6 Shields
 + Level 0.2 Evocations


You had 6 spell levels left.
You didn't know any spells.
Your spell library contained the following spells:

 Spells                   Type           Power        Failure   Level  Hunger
 Corpse Rot               Necr           N/A          100%        2    ###....
 Stone Arrow              Conj/Erth      #.....       100%        3    ####...
 Leda's Liquefaction      Hex/Erth       #.........   100%        4    #####..
 Summon Forest            Summ/Tloc      #.........   100%        5    ######.
 Hydra Form               Tmut           #.........   100%        6    #######
 Summon Hydra             Summ           #.........   100%        7    #######


Dungeon Overview and Level Annotations

Branches:
Dungeon (4/15)             Temple (1/1) D:4

Altars:
Ashenzari
Cheibriados
Fedhas
Kikubaaqudgha
Okawaru
Zin
The Shining One


Innate Abilities, Weirdness & Mutations

You reflexively headbutt those who attack you in melee.
You have a pair of horns on your head.


Message History

You barely miss the ogre.
You headbutt the ogre, but do no damage.
The ogre is moderately wounded.
You slash the ogre! You headbutt the ogre.
The ogre is severely wounded.
The ogre hits you with a +0 giant club!
* * * LOW HITPOINT WARNING * * *
You completely miss the ogre.
The ogre is severely wounded.
You block the ogre's attack.
You hit the ogre. You headbutt the ogre.
The ogre is severely wounded.
You hit the ogre.
The ogre is almost dead.
You feel like a meek peon again. You block the ogre's attack.
You barely miss the ogre. Your headbutt misses the ogre.
The ogre is almost dead.
The ogre hits you with a +0 giant club!!
You die...

.......##.#........#
.................#.#
........#.####.#.#.#
...............#.#.#
#.8.8.8........#.#.#
#..⌠.⌠..#.##.....#.#
#.8.>.8..........#.#
#..⌠.⌠..#.##.#.#.#.#
#.8.8.8.#.##.#.#@#.#
..........##.#.#O#
##.##.#.####.#.#o#
#.##...# ..#.#.#
#.####.# ###.#.. #.#
.# #.### #.# # #.#
#.# #.# #.# #.#


You could see an ogre and an orc.

Vanquished Creatures
  Grinder (D:4)
  An ogre (D:4)
  A scorpion (D:4)
  A centaur skeleton (D:4)
  Jessica (D:2)
  An iguana (D:4)
  2 orc wizards (D:4)
  2 worker ants (D:4)
  6 adders
  An ooze (D:3)
  2 worms
  A dart slug (D:2)
  A leopard gecko (D:4)
  6 orcs (D:4)
  2 ball pythons (D:2)
  6 giant cockroaches
  9 goblins
  9 hobgoblins
  2 jackals (D:4)
  2 quokkas (D:3)
  6 bats
  4 frilled lizards
  10 kobolds
  3 rats
80 creatures vanquished.

Notes
Turn   | Place    | Note
-------+----------+-------------------------------------------
     0 | D:1      | Peloso the Minotaur Fighter began the quest for the Orb.
     0 | D:1      | Reached XP level 1. HP: 19/19 MP: 0/0
   200 | D:1      | Reached XP level 2. HP: 27/27 MP: 1/1
   807 | D:2      | Reached skill level 3 in Long Blades
   894 | D:2      | Noticed Jessica
   908 | D:2      | Killed Jessica
   908 | D:2      | Reached XP level 3. HP: 9/33 MP: 2/2
  1283 | D:2      | Reached XP level 4. HP: 41/41 MP: 3/3
  1552 | D:3      | Reached skill level 4 in Long Blades
  2000 | D:4      | Found a staircase to the Ecumenical Temple.
  2014 | Temple   | Entered the Ecumenical Temple
  2133 | Temple   | Became a worshipper of Warmaster Okawaru
  2188 | D:4      | Reached skill level 1 in Dodging
  2188 | D:4      | Reached XP level 5. HP: 47/47 MP: 4/4
  2235 | D:4      | Noticed Grinder
  2253 | D:4      | Killed Grinder
  2253 | D:4      | Reached * piety under Okawaru
  2253 | D:4      | Reached skill level 5 in Long Blades
  2253 | D:4      | Reached skill level 5 in Shields
  2253 | D:4      | Reached XP level 6. HP: 44/55 MP: 5/5
  2391 | D:4      | Reached skill level 5 in Fighting
  2417 | D:4      | Found a blossoming altar of Fedhas.
  2453 | D:4      | Reached skill level 1 in Stealth
  2453 | D:4      | Reached XP level 7. HP: 33/61 MP: 6/6
  2489 | D:4      | Reached skill level 6 in Long Blades
  2489 | D:4      | Reached skill level 5 in Armour
  2734 | D:4      | Demolished by an ogre

Levels and vault maps discovered:
D:1:      dpeg_arrival_tiny_i, layout_basic, chequers_serial_rivers_micro_a
D:2:      layout_basic, uniq_jessica
D:3:      layout_rooms
D:4:      layout_basic, minmay_temple_entry_statues_fountains,
          minmay_strange_pillars, fedhas_altar_2, uniq_grinder
Temple:   minmay_temple_forest_path

Skill      XL: |  1  2  3  4  5  6  7 |
---------------+----------------------+-----
Fighting       | 4 5 |  5.2
Long Blades    | 3 4 5 6 |  6.1
Armour         | 4 5 |  5.0
Shields        | 4 5 |  5.6
Dodging        | 1 2 |  2.3
Stealth        | 1 |  1.0
Evocations     | |  0.2

Action                   |  1- 3 |  4- 6 |  7- 9 || total
-------------------------+-------+-------+-------++-------
Melee: Long sword        |    74 |   107 |    39 ||   220
       Headbutt          |    11 |    20 |     6 ||    37
Invok: Heroism           |       |       |     1 ||     1
Evoke: Wand              |       |     3 |     1 ||     4
  Use: Potion            |     1 |     2 |       ||     3
       Scroll            |     2 |       |       ||     2
 Stab: Sleeping          |       |       |     1 ||     1
  Eat: Chunk             |     1 |     4 |     1 ||     6
Armor: Scale mail        |    30 |    50 |     7 ||    87
Dodge: Dodged            |    12 |    21 |     7 ||    40
Block: Shield            |    46 |    67 |    15 ||   128
       Rpst.: Long sword |     3 |     6 |     1 ||    10
